 Dungeon Crawl Stone Soup version 0.17.1-3-g152610e (webtiles) character file.

104 MrTails the Chopper (level 4, -1/40 HPs)
             Began as a Minotaur Berserker on Feb 17, 2016.
             Was a Believer of Trog.
             Slain by a gnoll
             ... wielding a +0 flail
              (3 damage)
             ... on level 3 of the Dungeon.
             The game lasted 00:02:33 (1584 turns).

MrTails the Chopper (Minotaur Berserker)            Turns: 1584, Time: 00:02:33

Health: -1/40      AC:  8    Str: 23    XL:     4   Next: 52%
Magic:  3/3        EV:  8    Int:  4    God:    Trog [**....]
Gold:   67         SH:  0    Dex:  9    Spells: 0 memorised, 3 levels left

rFire  . . .     SeeInvis .     a - +0 hand axe
rCold  . . .     Clarity  .     d - +0 chain mail
rNeg   . . .     SustAt   .     (no shield)
rPois  .         Gourm    .     (helmet restricted)
rElec  .         Spirit   .     (no cloak)
rCorr  .         Warding  .     (no gloves)
rMut   .         Stasis   .     (no boots)
MR     .....                    (no amulet)
Stlth  ..........               (no ring)
                                (no ring)

@: starving, not resistant to hostile enchantments, extremely unstealthy
A: retaliatory headbutt, horns 2
a: Berserk, Trog's Hand, Burn Spellbooks, Renounce Religion


You were on level 3 of the Dungeon.
You worshipped Trog.
Trog was pleased with you.
You were starving.

You visited 1 branch of the dungeon, and saw 3 of its levels.

You collected 67 gold pieces.

Inventory:

Hand Weapons
 a - a +0 hand axe (weapon)
Armour
 b - a +0 animal skin
 d - a +0 chain mail (worn)
Scrolls
 e - 3 scrolls of teleportation {unknown}
 g - a scroll of identify {unknown}
 j - a scroll of amnesia {unknown}
 k - 2 scrolls of enchant weapon {unknown}
 l - a scroll of enchant armour {unknown}
 m - a scroll of remove curse {unknown}
Potions
 f - a potion of curing {unknown}
 h - 2 potions of resistance {unknown}
 i - a potion of lignification {unknown}
Comestibles
 c - 3 bread rations


   Skills:
 - Level 3.9 Fighting
 * Level 6.3 Axes
 - Level 2.4 Armour
 - Level 2.1 Dodging


You had 3 spell levels left.
You didn't know any spells.

Dungeon Overview and Level Annotations

Branches:
Dungeon (3/15)

Altars:
Gozag


Innate Abilities, Weirdness & Mutations

You reflexively headbutt those who attack you in melee.
You have a pair of horns on your head.


Message History

You hit the gnoll.
The gnoll is heavily wounded.
The gnoll hits you. The gnoll hits you but does no damage.
You hit the gnoll.
You headbutt the gnoll, but do no damage.
The gnoll is heavily wounded.
You barely miss the gnoll. The gnoll hits you.
* * * LOW HITPOINT WARNING * * *
You hit the gnoll but do no damage.
The gnoll is heavily wounded.
You hit the gnoll but do no damage. The gnoll hits you.
* * * LOW HITPOINT WARNING * * *
The gnoll hits you with a flail.
* * * LOW HITPOINT WARNING * * *
You're too hungry to go berserk.
You barely miss the gnoll.
The gnoll is heavily wounded.
Your chain mail prevents you from hitting the gnoll.
The gnoll hits you but does no damage. The gnoll hits you with a flail.
You die...

#.# #.# #.# #.# #.#
####.#### ####...)g..#
.....##@##.# #...g....#
######..##.##.#####
######.......##.........
##..##.#......#...#.#####
....##.#............#
#.....#...........(#
##.##..<....###.##.#
###.########........#


You could see 2 gnolls.

Vanquished Creatures
  2 gnolls (D:3)
  4 adders
  2 worms
  3 giant geckos
  9 goblins
  5 hobgoblins
  A ball python (D:1)
  8 bats
  5 giant cockroaches
  4 giant newts
  2 kobolds (D:2)
  6 rats
51 creatures vanquished.

Notes
Turn   | Place    | Note
--------------------------------------------------------------
     0 | D:1      | MrTails the Minotaur Berserker began the quest for the Orb.
     0 | D:1      | Reached XP level 1. HP: 19/19 MP: 0/0
    76 | D:1      | Reached skill level 4 in Axes
   360 | D:1      | Reached XP level 2. HP: 24/27 MP: 1/1
   781 | D:2      | Reached ** piety under Trog
   784 | D:2      | Reached skill level 5 in Axes
   784 | D:2      | Reached XP level 3. HP: 29/33 MP: 2/2
  1402 | D:2      | Reached XP level 4. HP: 32/40 MP: 3/3
  1479 | D:2      | Found an opulent altar of Gozag.
  1563 | D:3      | Reached skill level 6 in Axes
  1583 | D:3      | HP: 2/40 [gnoll/flail (4)]
  1584 | D:3      | Slain by a gnoll

Action                   |  1- 3 |  4- 6 || total
-------------------------+-------+-------++-------
Melee: Hand axe          |    65 |    26 ||    91
Invok: Berserk           |     1 |       ||     1
  Eat: Chunk             |     1 |       ||     1
